 Dungeon Crawl Stone Soup version 0.21.1-1-g345015f (webtiles) character file.

65 inc the Chiller (level 3, 14/14 HPs)
             Began as a Felid Ice Elementalist on Mar 4, 2018.
             Quit the game on level 3 of the Dungeon.
             The game lasted 00:03:58 (1966 turns).

inc the Chiller (Felid Ice Elementalist)            Turns: 1966, Time: 00:03:59

Health: 14/14      AC:  1    Str:  4    XL:     3   Next: 94%
Magic:  8/16       EV: 18    Int: 17    God:
Gold:   138        SH:  0    Dex: 16    Spells: 5/6 levels left
                                        Lives:  0   Deaths: 0

rFire    . . .     SeeInvis +   (weapon unavailable)
rCold    . . .     Gourm    .   (shield unavailable)
rNeg     . . .     Faith    .   (armour unavailable)
rPois    .         Spirit   .   (helmet unavailable)
rElec    .         Reflect  .   (cloak unavailable)
rCorr    .         Harm     .   (gloves unavailable)
MR       +....     Rnd*Rage +   (boots unavailable)
Stlth    +++.......             l - amulet of inaccuracy (curse)
HPRegen  0.04/turn              m - ring of magical power
MPRegen  0.15/turn              (no ring)

@: quick
A: very small, no armour, no weapons or thrown items, stealth, claws 1, fangs 3,
horns 1, see invisible, berserk 1, carnivore, speed 1, magic resistance 1,
shaggy fur 1, inhibited regeneration, slow metabolism 1, subdued magic 1, sharp
paws
a: no special abilities


You were on level 3 of the Dungeon.
You were not hungry.

You visited 1 branch of the dungeon, and saw 3 of its levels.

You collected 138 gold pieces.

Inventory:

Jewellery
 l - a cursed amulet of inaccuracy (around neck)
 m - a ring of magical power (left paw)
Scrolls
 h - a scroll of teleportation
 j - a scroll of immolation
Potions
 c - 2 potions of flight
 d - a potion of curing
 f - 2 potions of berserk rage {unknown}
 g - 2 potions of agility
 k - a potion of cancellation
Books
 a - a book of Frost

   Spells                             Type                      Level
   a - Freeze                         Ice                          1
   b - Throw Frost                    Conjuration/Ice              2
   c - Ozocubu's Armour               Charms/Ice                   3
   d - Throw Icicle                   Conjuration/Ice              4
   e - Summon Ice Beast               Ice/Summoning                4
Comestibles
 b - 3 rations


   Skills:
 - Level 2.6 Dodging
 - Level 2.6 Stealth
 - Level 2.0 Spellcasting
   Level 0.8 Conjurations
 + Level 4.4 Ice Magic


You had 5 spell levels left.
You knew the following spells:

 Your Spells              Type           Power        Failure   Level  Hunger
a - Freeze                Ice            ##..         2%          1    #......


Dungeon Overview and Level Annotations

Branches:
Dungeon (3/15)

Altars:


Innate Abilities, Weirdness & Mutations

You cannot wear armour.
You are incapable of wielding weapons or throwing items.
Your paws allow you to move quietly. (Stealth)
You have sharp claws.
You have razor-sharp teeth.
You have supernaturally acute eyesight. (SInv)
You are carnivorous and can eat meat at any time.
You cover ground quickly.
You are covered in fur. (AC +1)
You have a slow metabolism.
Your sharp claws are effective at attacking unaware monsters.
You have a pair of small horns on your head.
You tend to lose your temper in combat.
You are resistant to hostile enchantments. (MR+)
You do not regenerate when monsters are visible.
Your spells are a little easier to cast, but a little less powerful.


Message History

h - a scroll of teleportation
As you read the scroll of identify, it crumbles to dust.
k - a potion of cancellation
As you read the scroll of identify, it crumbles to dust.
g - 2 potions of agility
As you read the scroll of identify, it crumbles to dust.
e - 3 potions of mutation You feel extremely strange.
You feel less in control of your magic.
You feel weaker.
You feel jittery.
You feel extremely strange.
You regain control of your magic.
You no longer feel jittery.
You feel stronger.
You feel a little pissed off.
You feel stronger.
Yellow scales grow over part of your body.
You feel extremely strange.
You feel weaker.
Your yellow scales disappear.
You feel resistant to hostile enchantments.
Your regeneration stops near monsters.
Your connection to magic feels subdued.
A pair of horns grows on your head!
Okay, then.
Are you sure you want to abandon this character and quit the game? (Confirm with "yes".)

#..[.........!.
###.#.###......
#.#... .$....
#.#..#....%..
#.#..# ......
#.#..# ####.
#รท#...
#.#####.#
#..@....#
#########


There were no monsters in sight!

Vanquished Creatures
  3 adders
  A worm (D:2)
  2 leopard geckos
  2 ball pythons (D:2)
  A giant cockroach (D:2)
  4 goblins
  6 hobgoblins
  3 jackals (D:3)
  2 kobolds
  A quokka (D:2)
  3 bats (D:3)
  4 rats
32 creatures vanquished.

Notes
Turn   | Place    | Note
-------+----------+-------------------------------------------
     0 | D:1      | inc the Felid Ice Elementalist began the quest for the Orb.
     0 | D:1      | Reached XP level 1. HP: 7/7 MP: 4/4
   201 | D:1      | Reached skill level 3 in Ice Magic
   252 | D:1      | You fall through a shaft!
   336 | D:2      | Reached XP level 2. HP: 11/11 MP: 0/6
  1020 | D:2      | Reached XP level 3. HP: 5/14 MP: 4/7
  1138 | D:2      | Reached skill level 4 in Ice Magic
  1963 | D:3      | Gained mutation: Your spells are a little harder to cast, but a little more powerful. [potion of mutation]
  1963 | D:3      | Gained mutation: You are weak. (Str -2) [potion of mutation]
  1963 | D:3      | Gained mutation: You can translocate small distances at will. [potion of mutation]
  1964 | D:3      | Lost mutation: Your spells are a little harder to cast, but a little more powerful. [potion of mutation]
  1964 | D:3      | Lost mutation: You can translocate small distances at will. [potion of mutation]
  1964 | D:3      | Lost mutation: You are weak. (Str -2) [potion of mutation]
  1964 | D:3      | Gained mutation: You tend to lose your temper in combat. [potion of mutation]
  1964 | D:3      | Gained mutation: Your muscles are strong. (Str +2) [potion of mutation]
  1964 | D:3      | Gained mutation: You are partially covered in yellow scales. (AC +2) [potion of mutation]
  1965 | D:3      | Lost mutation: Your muscles are strong. (Str +2) [potion of mutation]
  1965 | D:3      | Lost mutation: You are partially covered in yellow scales. (AC +2) [potion of mutation]
  1965 | D:3      | Gained mutation: You are resistant to hostile enchantments. (MR+) [potion of mutation]
  1965 | D:3      | Gained mutation: You do not regenerate when monsters are visible. [potion of mutation]
  1965 | D:3      | Gained mutation: Your spells are a little easier to cast, but a little less powerful. [potion of mutation]
  1965 | D:3      | Gained mutation: You have a pair of small horns on your head. [potion of mutation]
  1966 | D:3      | Quit the game

Skill      XL: |  1  2  3 |
---------------+----------+-----
Ice Magic      | 3 4 |  4.4
Dodging        | |  2.6
Stealth        | |  2.6
Spellcasting   | |  2.0
Conjurations   | |  0.8

Action                   || total
-------------------------++-------
Melee: Unarmed           ||    20
 Cast: Freeze            ||    41
  Use: Scroll            ||     5
       Potion            ||     5
 Stab: Sleeping          ||    10
  Eat: Chunk             ||     5
Dodge: Dodged            ||    29
